 Dungeon Crawl Stone Soup version 0.18.1-1-g2f07953 (webtiles) character file.

88 epen the Ruffian (level 4, -3/40 HPs)
             Began as a Ghoul Monk on May 6, 2016.
             Slain by a centaur (5 damage)
             ... on level 3 of the Dungeon.
             The game lasted 00:03:02 (1690 turns).

epen the Ruffian (Ghoul Monk)                       Turns: 1690, Time: 00:03:04

Health: -3/40      AC:  3    Str: 14    XL:     4   Next: 53%
Magic:  3/3        EV: 13    Int:  5    God:
Gold:   115        SH:  0    Dex: 12    Spells: 0 memorised, 3 levels left

rFire  . . .     SeeInvis .       - Unarmed
rCold  + . .     Gourm    .     a - +0 robe
rNeg   + + +     Faith    .     (no shield)
rPois  ∞         Spirit   .     (no helmet)
rElec  .         Dismiss  .     (no cloak)
rCorr  .         Reflect  .     (no gloves)
SustAt .         Harm     .     c - +0 pair of boots
MR     .....                    (no amulet)
Stlth  ++........               (no ring)
                                (no ring)

@: rotting, not resistant to hostile enchantments, unstealthy
A: rotting body, claws 1, carnivore 3, cold resistance 1, negative energy
resistance 3, slow regeneration 1, torment resistance, unbreathing
a: no special abilities


You were on level 3 of the Dungeon.
You were not hungry.

You visited 1 branch of the dungeon, and saw 3 of its levels.

You collected 115 gold pieces.

Inventory:

Armour
 a - a +0 robe (worn)
 c - a +0 pair of boots (worn)
Jewellery
 i - an uncursed ring of ice {unknown}
Scrolls
 d - 4 scrolls of identify {unknown}
 e - a scroll of immolation {unknown}
Potions
 f - a potion of resistance {unknown}
 g - a potion of cure mutation {unknown}
 j - 2 potions of agility {unknown}
Comestibles
 b - 3 meat rations
 h - a slice of pizza


   Skills:
 + Level 3.7 Fighting
 + Level 1.0 Armour
 * Level 3.3 Dodging
 - Level 2.1 Stealth
 * Level 5.3 Unarmed Combat


You had 3 spell levels left.
You didn't know any spells.

Dungeon Overview and Level Annotations

Branches:
Dungeon (3/15)

Altars:
Dithmenos


Innate Abilities, Weirdness & Mutations

Your body is rotting away.
You thrive on raw meat.
You are immune to poison.
You have sharp fingernails.
You are carnivorous and can eat meat at any time.
Your flesh is cold resistant.
You are immune to negative energy.
You regenerate slowly when monsters are visible.
You are immune to unholy pain and torment.
You can survive without breathing.


Message History

You scratch the centaur but do no damage.
The centaur is moderately wounded.
The centaur hits you!
You scratch the centaur.
The centaur is heavily wounded.
The centaur hits you! The centaur hits you.
You completely miss the centaur.
The centaur is heavily wounded.
The centaur hits you.
* * * LOW HITPOINT WARNING * * *
You are too injured to fight recklessly!
You are too injured to fight recklessly!
Drink which item? (? for menu, Esc to quit)
Okay, then.
You scratch the centaur but do no damage.
The centaur is heavily wounded.
The centaur hits you!
* * * LOW HITPOINT WARNING * * *
The centaur hits you.
You die...

#.## #...####.#
#.# #..... ...
#.##
##.#########
##.###.##
##....#########
####.........#
#########.# #.#
#@# #c# ...
#.... #...##
#####


You could see a centaur.

Vanquished Creatures
  An adder (D:3)
  An ooze (D:1)
  2 worms
  3 dart slugs (D:1)
  5 giant geckos (D:1)
  8 bats
  4 giant cockroaches
  6 goblins
  7 hobgoblins
  2 jackals (D:1)
  A quokka (D:2)
  4 giant newts
  5 kobolds
  3 rats
52 creatures vanquished.

Notes
Turn   | Place    | Note
--------------------------------------------------------------
     0 | D:1      | epen the Ghoul Monk began the quest for the Orb.
     0 | D:1      | Reached XP level 1. HP: 19/19 MP: 0/0
   120 | D:1      | Reached XP level 2. HP: 22/26 MP: 1/1
   247 | D:1      | Reached XP level 3. HP: 24/30 MP: 2/2
   488 | D:1      | Reached skill level 5 in Unarmed Combat
   817 | D:2      | Reached XP level 4. HP: 27/39 MP: 3/3
   962 | D:2      | Found a shadowy altar of Dithmenos.
  1516 | D:3      | Reached skill level 1 in Armour
  1682 | D:3      | Noticed a centaur
  1690 | D:3      | HP: 2/40 [centaur (8)]
  1690 | D:3      | Slain by a centaur

Skill      XL: |  1  2  3  4 |
---------------+-------------+-----
Dodging        | 3 |  3.3
Unarmed Combat | 5 |  5.3
Armour         | 1 |  1.0
Fighting       | |  3.7
Stealth        | |  2.1

Action                   |  1- 3 |  4- 6 || total
-------------------------+-------+-------++-------
Melee: Unarmed           |    93 |    38 ||   131
       Punch             |     1 |       ||     1
 Stab: Sleeping          |     7 |     2 ||     9
  Eat: Chunk             |    11 |     8 ||    19
Armor: Robe              |    20 |     4 ||    24
Dodge: Dodged            |    52 |    16 ||    68
